Map: King Sejong Station LE

Players

gab

  • Race: Protoss Protoss
  • League: Master

SHODAN - Winner!

  • Race: Terran Terran
  • League: Master

VOD

Have the link to the VOD?

Description

Time

  • Played on: Sept. 17, 2016, 6:28 p.m.
  • Length: 5:03
Show
View Real Time Build Order
Export as new Build Order

gab Protoss 

Build Orders:  

Get SALT Encoding   

  12  0:01  Probe (Chrono Boost)  
  13  0:11  Probe (Chrono Boost)  
  14  0:17  Pylon  
  14  0:22  Probe (Chrono Boost)  
  15  0:35  Probe (Chrono Boost)  
  16  0:38  Gateway  
  16  0:46  Probe (Chrono Boost)  
  16  0:48  Assimilator  
  17  0:56  Probe (Chrono Boost)  
  18  1:07  Probe (Chrono Boost)  
  19  1:17  Probe (Chrono Boost)  
  20  1:25  Assimilator  
  20  1:28  Probe (Chrono Boost)  
  20  1:29  Zealot, Cybernetics Core  
  23  1:33  Pylon  
  23  1:53  Probe (Chrono Boost)  
  24  2:02  Adept  
  24  2:05  Probe (Chrono Boost)  
  24  2:07  Warp Gate  
  25  2:42  Nexus  
  25  2:44  Pylon  
  25  2:48  Probe (Chrono Boost)  
  26  2:52  Stalker  
  28  3:00  Probe (Chrono Boost)  
  31  3:14  Mothership Core (Chrono Boost)  
  31  3:23  Robotics Facility  
  31  3:34  Probe (Chrono Boost)  
  32  3:46  Probe (Chrono Boost)  
  27  4:05  Immortal  
  27  4:12  Stalker  
  34  4:17  Probe (Chrono Boost)  
  24  4:41  Probe (Chrono Boost)  
  24  4:42  Adept  
Show
View Real Time Build Order
Export as new Build Order

SHODAN Terran - Winner!

Build Orders: Cyclone Opening 

Get SALT Encoding   

  12  0:00  SCV  
  13  0:12  SCV  
  14  0:18  Supply Depot  
  14  0:25  SCV  
  15  0:30  Refinery  
  15  0:41  SCV  
  16  0:49  Barracks  
  16  0:53  SCV  
  17  0:57  Refinery  
  17  1:05  SCV  
  18  1:18  SCV  
  19  1:36  Orbital Command, Reaper  
  20  1:41  Factory  
  20  1:58  Factory  
  20  2:02  SCV  
  21  2:09  Supply Depot  
  21  2:15  SCV  
  22  2:27  SCV  
  23  2:30  Cyclone  
  26  2:39  SCV  
  26  2:43  Cyclone  
  29  2:47  Supply Depot  
  29  3:02  SCV  
  30  3:08  Cyclone  
  33  3:14  SCV  
  33  3:15  Cyclone  
  33  3:18  Supply Depot  
  37  3:40  Cyclone  
  38  3:56  Cyclone  
  40  4:12  Cyclone  
  43  4:23  Command Center  
  43  4:50  Supply Depot  
Tags
 
Add a new tag
Caveats
  • Supply blocks, unpowered buildings, or Contaminate may cause inaccurate times.
  • Supply counts are checked every 10 seconds.